 Dungeon Crawl Stone Soup version 0.30-a0-728-gc68057be0a (webtiles) character file.

Game seed: 9817502589876788391

116527 Lobster4 the Severer (level 16, -5/146 HPs)
             Began as a Hill Orc Fighter on Jan 30, 2023.
             Was the Champion of Okawaru.
             Slain by a +0 halberd of flaming (19 damage)
             ... on level 2 of the Elven Halls.
             The game lasted 01:16:20 (23047 turns).

Lobster4 the Severer (Hill Orc Fighter)            Turns: 23047, Time: 01:16:21

Health: -5/146     AC: 22    Str: 31    XL:     16   Next: 71%
Magic:  17/25      EV: 12    Int: 14    God:    Okawaru [******]
Gold:   1507       SH: 28    Dex: 16    Spells: 15/15 levels left

rFire   + + .      SeeInvis .    a - +3 broad axe (freeze)
rCold   . . .      Faith    .    r - +7 tower shield "Folav" {rPois Str+2 Int+4}
rNeg    + . .      Spirit   .    Z - +1 scale mail of Lugonu's Outrage {rElec}
rPois   +          Reflect  .    H - +0 helmet
rElec   +          Harm     .    l - +2 cloak {rF+}
rCorr   .          Rampage  +    E - +1 pair of gloves "Kituytoge" {rF+ Str+2}
Will    +....                    L - +0 pair of boots {rampage}
Stlth   ++                       Y - amulet of regeneration
HPRegen 1.24/turn                n - ring of Dishonesty {Fly rN+ Will- Int+2 Dex+6}
MPRegen 0.19/turn                j - ring of willpower

@: heroic, flying
A: no striking features
a: Renounce Religion, Heroism, Finesse, Duel


You were on level 2 of the Elven Halls.
You worshipped Okawaru.
Okawaru was exalted by your worship.
You visited 4 branches of the dungeon, and saw 24 of its levels.
You also visited: Ice Cave and Volcano.

You collected 2204 gold pieces.
You spent 697 gold pieces at shops.

Inventory:

Hand Weapons
 a - a +3 broad axe of freezing (weapon)
 b - a +2 morningstar of holy wrath
 x - a +2 war axe of draining
 X - a +0 heavy morningstar
Missiles
 k - 34 poisoned darts
 m - 19 boomerangs (quivered)
 J - a datura-tipped dart
 N - 4 silver boomerangs
 P - 9 javelins
 T - 8 curare-tipped darts
 W - 3 boomerangs of dispersal
Armour
 d - an orb of light
 l - a +2 cloak of fire resistance (worn)
 p - a +1 chain mail of fire resistance
 r - the +7 tower shield "Folav" (worn) {rPois Str+2 Int+4}
   (You found it on level 2 of the Lair of Beasts)

   Str:       It affects your strength (+2).
   Int:       It affects your intelligence (+4).
   rPois:     It protects you from poison.
 B - the quicksilver dragon scales "Merch" {Will+ Int+2}
   (Okawaru gifted it to you on level 1 of the Lair of Beasts)

   Int:       It affects your intelligence (+2).
   Will:      It increases your willpower.
 E - the +1 pair of gloves "Kituytoge" (worn) {rF+ Str+2}
   (Okawaru gifted it to you on level 2 of the Lair of Beasts)

   Str:       It affects your strength (+2).
   rF:        It protects you from fire.
 H - a +0 helmet (worn)
 L - a +0 pair of boots of rampaging (worn)
 M - the +2 chain mail of the Dolphin {rN+ Regen+ Dex-2}
   (You found it on level 8 of the Dungeon)

   Dex:       It affects your dexterity (-2).
   rN:        It protects you from negative energy.
   Regen:     It increases your rate of health regeneration.
 Z - the +1 scale mail of Lugonu's Outrage (worn) {rElec}
   (You bought it in a shop on level 2 of the Orcish Mines)

   rElec:     It insulates you from electricity.
Jewellery
 j - a ring of willpower (right hand)
 n - the ring of Dishonesty (left hand) {Fly rN+ Will- Int+2 Dex+6}
   (You found it on level 2 of the Dungeon)

   [ring of dexterity]

   Int:       It affects your intelligence (+2).
   Dex:       It affects your dexterity (+6).
   rN:        It protects you from negative energy.
   Fly:       It grants you flight.
   Will:      It decreases your willpower.
 U - a ring of resist corrosion
 Y - an amulet of regeneration (around neck)
Wands
 g - a wand of roots (12)
 u - a wand of paralysis (11)
 w - a wand of digging (4)
 Q - a wand of quicksilver (7)
 S - a wand of flame (11)
Scrolls
 e - 5 scrolls of immolation
 f - 3 scrolls of poison
 h - 4 scrolls of enchant weapon
 s - 7 scrolls of identify
 t - 3 scrolls of summoning
 v - 3 scrolls of teleportation
 y - 2 scrolls of magic mapping
 D - 2 scrolls of fog
 R - 2 scrolls of brand weapon
Potions
 c - a potion of cancellation
 i - 12 potions of curing
 q - 5 potions of flight
 A - a potion of heal wounds
 C - 2 potions of invisibility
 F - a potion of haste
 I - 4 potions of might
 K - 3 potions of lignification
 O - a potion of ambrosia
 V - 2 potions of resistance
Miscellaneous
 o - a phantom mirror
 z - a phial of floods


   Skills:
 + Level 14.2(19.2) Fighting
 * Level 20.9(25.9) Axes
 - Level 10.0(15.0) Throwing
 + Level 13.1(18.1) Armour
 + Level 13.2(18.2) Shields
 + Level 12.8 Invocations
 - Level 3.0 Evocations


You had 15 spell levels left.
You didn't know any spells.
Your spell library contained the following spells:

 Spells                   Type           Power      Damage    Failure   Level
 Beastly Appendage        Tmut           0%         N/A       75%         1
 Foxfire                  Conj/Fire      0%         2x1d4     75%         1
 Magic Dart               Conj           0%         1d3       75%         1
 Shock                    Conj/Air       0%         1d3       75%         1
 Slow                     Hex            0%         N/A       75%         1
 Ensorcelled Hibernation  Hex/Ice        0%         N/A       87%         2
 Searing Ray              Conj           0%         2d4       87%         2
 Sublimation of Blood     Necr           0%         N/A       87%         2
 Wereblood                Tmut           0%         N/A       87%         2
 Confusing Touch          Hex            0%         N/A       98%         3
 Ignite Poison            Fire/Tmut/Pois 0%         N/A       98%         3
 Kindle Blastsparks       Fire/Tloc/Air  0%         2d10      98%         3
 Mephitic Cloud           Conj/Pois/Air  0%         N/A       98%         3
 Ozocubu's Armour         Ice            0%         N/A       98%         3
 Spider Form              Tmut/Pois      0%         N/A       98%         3
 Swiftness                Air            0%         N/A       98%         3
 Vampiric Draining        Necr           0%         2d6       98%         3
 Airstrike                Air            0%         2d(0-16)  100%        4
 Anguish                  Hex/Necr       0%         N/A       100%        4
 Fulminant Prism          Conj/Hex       0%         3d5       100%        4
 Leda's Liquefaction      Hex/Erth       0%         N/A       100%        4
 Petrify                  Tmut/Erth      0%         N/A       100%        4
 Alistair's Intoxication  Tmut/Pois      0%         N/A       100%        5
 Borgnjor's Vile Clutch   Necr/Erth      0%         N/A       100%        5
 Fireball                 Conj/Fire      0%         3d3       100%        5
 Freezing Cloud           Conj/Ice/Air   0%         6-21      100%        5
 Irradiate                Conj/Tmut      0%         3d11      100%        5
 Lee's Rapid Deconstruct  Erth           0%         3d4*      100%        5
 Metabolic Englaciation   Hex/Ice        0%         N/A       100%        5
 Eringya's Noxious Bog    Tmut/Pois      0%         N/A       100%        6
 Starburst                Conj/Fire      0%         6d3       100%        6
 Statue Form              Tmut/Erth      0%         N/A       100%        6
 Borgnjor's Revivificati  Necr           0%         N/A       100%        8
 Necromutation            Tmut/Necr      0%         N/A       100%        8
 Death's Door             Necr           0%         N/A       100%        9
 Call Imp                 Summ           Unusable   N/A       N/A         2
 Simulacrum               Ice/Necr       Unusable   N/A       N/A         6

Dungeon Overview and Level Annotations

Branches:
Dungeon (15/15)            Temple (0/1) D:6            Lair (5/5) D:10
  Swamp (0/4) Lair:3       Spider (0/4) Lair:3        Slime (0/5) Lair:5
    Orc (2/2) D:10            Elf (2/3) Orc:2        Vaults (0/5) D:14
 Depths (0/4) D:15          IceCv (visited)         Volcano (visited)

Altars:
Dithmenos
Elyvilon
Fedhas
Hepliaklqana
Kikubaaqudgha
Makhleb
Okawaru
Qazlal
Sif Muna
Trog
Vehumet
The Shining One
Beogh
Jiyva

Shops:
D:7 [   Orc:2 !=![

Portals:
Pandemonium: Orc:2

Annotations:
D:12 2 transporters, jimonade's ghost, journeyman VSHu
Elf:1 1 runed translucent door, pigah's ghost, adept OpWn


Message History

You block the +1 lajatang of pain's attack.
The +1 trident of venom is engulfed in blazing flames.
As you read the scroll of teleportation, it crumbles to dust.
You feel strangely unstable.
The deep elf knight casts a spell.
The deep elf knight flickers and vanishes!
Deactivating autopickup; reactivate with Ctrl-A.
The +1 lajatang of pain hits you!
* * * LOW HITPOINT WARNING * * *
A deep elf knight comes into view. It is wielding a +0 short sword.
Okay, then.
You feel much better.
The +1 flail of protection hits you but does no damage.
You block the +1 lajatang of pain's attack.
Your surroundings suddenly seem different.
A +4 scimitar of freezing and a +0 halberd of flaming come into view.
Found 20 gold pieces.
The +4 scimitar of freezing attacks as you move away!
The +4 scimitar of freezing hits you but does no damage.
You miss the +4 scimitar of freezing.
You feel yourself slow down.
You block the +4 scimitar of freezing's attack.
You hit the +4 scimitar of freezing but do no damage.
You block the +4 scimitar of freezing's attack.
You block the +0 halberd of flaming's attack.
You block the +4 scimitar of freezing's attack.
You block the +0 halberd of flaming's attack.
You hit the +4 scimitar of freezing but do no damage.
The +4 scimitar of freezing hits you!
* * * LOW HITPOINT WARNING * * *
The +4 scimitar of freezing freezes you.
* * * LOW HITPOINT WARNING * * *
The +0 halberd of flaming misses you.
You gain the combat prowess of a mighty hero.
The +4 scimitar of freezing hits you!
* * * LOW HITPOINT WARNING * * *
The +4 scimitar of freezing freezes you.
* * * LOW HITPOINT WARNING * * *
The +0 halberd of flaming hits you from afar!!
You die...

. .. ... ########
....
#...@(.###.....
#......#(.......#
#....####.##..#+
#..## #......# ##
#.$..### .#.##..
#.#.. ... ...#.
.## .. . . .


You could see 2 dancing weapons.

Vanquished Creatures
  Snorg (Orc:1)
  2 rakshasas (D:15)
  4 hydras
  8 vault guards (D:14)
  2 demonspawn (Orc:2)
  3 centaur warriors
  2 boulder beetles (Lair:5)
  3 two-headed ogres
  A tengu warrior (D:15)
  6 dancing weapons
  11 death yaks
  5 orc high priests
  13 spriggans
  2 deep elf knights (Elf:1)
  5 skeletal warriors (D:15)
  A glowing orange brain (D:15)
  4 bog bodies (Lair:3)
  A harpy (shapeshifter) (D:15)
  5 orc knights
  A lindwurm (Lair:4)
  8 deep elf zephyrmancers (Elf:1)
  A wizard (D:15)
  13 ugly things
  14 deep elf pyromancers
  4 manticores
  7 orc sorcerers (Orc:2)
  5 cyclopes
  5 black mambas
  4 elephants
  A molten gargoyle (Volcano)
  3 unseen horrors
  4 ice statues
  2 gargoyles
  14 cane toads
  A demonic crawler (Lair:2)
  5 rime drakes
  2 freezing wraiths
  8 komodo dragons
  Psyche (D:8)
  An efreet (D:14)
  2 tengu conjurers
  A hellwing (Orc:2)
  4 trolls
  3 meliai (D:15)
  7 hornets
  8 polar bears
  12 blink frogs
  A dream sheep (Lair:5)
  4 slime creatures (D:15)
  An air elemental (Elf:1)
  A shadow (D:11)
  A vampire (D:13)
  4 fire elementals
  A wraith (D:10)
  27 yaks
  5 wyverns
  3 fire bats (Orc:2)
  6 vampire mosquitoes
  A hog (shapeshifter) (D:15)
  7 basilisks
  2 steam dragons
  A redback (Lair:3)
  A death yak simulacrum (IceCv)
  5 swamp worms
  5 acid dragons
  3 hydra simulacra (IceCv)
  18 water moccasins
  6 black bears
  3 ice beasts
  26 orc warriors
  4 boggarts (Lair:5)
  9 ogres
  59 wolves
  10 centaurs
  A phantom (D:4)
  A bullfrog (shapeshifter) (D:15)
  2 kobold brigands
  14 bullfrogs
  An earth elemental (Elf:1)
  A scorpion (D:5)
  A necrophage (D:6)
  9 wights
  An elephant simulacrum (IceCv)
  7 killer bees
  3 howler monkeys (D:7)
  3 electric eels
  4 hounds
  22 orc priests
  A jelly (D:6)
  Crazy Yiuf (D:7)
  5 iguanas
  Terence (D:2)
  17 orc wizards
  2 wolf simulacra (IceCv)
  2 human simulacra (D:14)
  3 gnolls (D:3)
  7 adders
  15 white imps
  3 worms (D:5)
  3 dart slugs
  56 orcs
  4 ball pythons
  2 bats
  3 endoplasms
  3 giant cockroaches
  6 goblins
  8 hobgoblins
  5 jackals
  2 frilled lizards
  21 kobolds
  10 rats
684 creatures vanquished.

Vanquished Creatures (others)
  A deep elf knight (Elf:1)
  A water elemental (Elf:1)
  43 fungi
  22 plants
67 creatures vanquished.

Grand Total: 751 creatures vanquished

Notes
Turn   | Place    | Note
-------+----------+-------------------------------------------
     0 | D:1      | Lobster4 the Hill Orc Fighter began the quest for the Orb.
     0 | D:1      | Reached XP level 1. HP: 19/19 MP: 1/1
    45 | D:1      | Reached skill level 3 in Axes
    74 | D:1      | Reached XP level 2. HP: 27/27 MP: 2/2
   655 | D:2      | Reached XP level 3. HP: 29/33 MP: 3/3
   752 | D:2      | Identified the ring of Dishonesty {Fly rN+ Will- Int+2
                  | Dex+6}
   864 | D:2      | Noticed Terence
   882 | D:3      | Noticed an orc warrior
   890 | D:2      | Killed Terence
   891 | D:2      | Reached skill level 4 in Axes
   891 | D:2      | Reached XP level 4. HP: 11/40 MP: 4/4
  1694 | D:3      | Reached XP level 5. HP: 44/46 MP: 5/5
  1698 | D:3      | Reached skill level 1 in Throwing
  1831 | D:3      | Found a faded altar of an unknown god.
  2442 | D:4      | Noticed a phantom
  2450 | D:4      | Killed a phantom
  2451 | D:4      | Reached skill level 5 in Axes
  2451 | D:4      | Reached XP level 6. HP: 45/53 MP: 6/6
  2586 | D:4      | Found an iron altar of Okawaru.
  2587 | D:4      | Found a blossoming altar of Fedhas.
  2589 | D:4      | Became a worshipper of Warmaster Okawaru
  2814 | D:4      | Found a radiant altar of Vehumet.
  3048 | D:4      | Found a glowing golden altar of the Shining One.
  3089 | D:5      | Entered Level 5 of the Dungeon
  3468 | D:5      | Found a burning altar of Makhleb.
  3476 | D:5      | Reached skill level 6 in Axes
  3563 | D:5      | Reached XP level 7. HP: 60/60 MP: 7/7
  3610 | D:5      | Reached * piety under Okawaru
  3611 | D:5      | Reached skill level 5 in Fighting
  4328 | D:6      | Reached skill level 7 in Axes
  4359 | D:6      | Reached skill level 5 in Armour
  4359 | D:6      | Reached skill level 5 in Shields
  4363 | D:6      | Reached XP level 8. HP: 65/69 MP: 8/8
  4574 | D:6      | Found a shimmering blue altar of Sif Muna.
  4581 | D:6      | Reached ** piety under Okawaru
  4582 | D:6      | Reached skill level 1 in Invocations
  4807 | D:6      | Found a staircase to the Ecumenical Temple.
  4825 | D:6      | Reached skill level 8 in Axes
  4825 | D:6      | Reached skill level 1 in Evocations
  5065 | D:6      | Found a hazy altar of Hepliaklqana.
  5065 | D:6      | Found a shadowy altar of Dithmenos.
  5067 | D:6      | Noticed a shadow
  5158 | D:7      | Found Purieh's Antique Armour Shoppe.
  5160 | D:7      | Noticed a hornet
  5168 | D:7      | Killed a hornet
  5169 | D:7      | Reached XP level 9. HP: 49/75 MP: 9/11
  5281 | D:7      | Bought a pair of boots for 99 gold pieces
  5698 | D:7      | Reached skill level 9 in Axes
  5708 | D:7      | Reached *** piety under Okawaru
  5801 | D:7      | Found a runed translucent door.
  5802 | D:7      | Noticed Crazy Yiuf
  5848 | D:7      | Killed an unseen horror
  6254 | D:7      | Found a stormy altar of Qazlal.
  6256 | D:7      | Found an ancient bone altar of Kikubaaqudgha.
  6368 | D:7      | Killed Crazy Yiuf
  6436 | D:8      | Noticed Psyche
  6445 | D:8      | Killed Psyche
  6446 | D:8      | Reached skill level 10 in Axes
  6524 | D:8      | Reached **** piety under Okawaru
  6525 | D:8      | Received a gift from Okawaru
  6526 | D:8      | Reached XP level 10. HP: 77/86 MP: 12/12
  6708 | D:8      | Identified the +2 chain mail of the Dolphin {rN+ Regen+
                  | Dex-2}
  7108 | D:9      | Noticed a two-headed ogre
  7151 | D:8      | Received a gift from Okawaru
  7152 | D:8      | Reached skill level 11 in Axes
  7183 | D:8      | Reached skill level 5 in Throwing
  7555 | D:9      | Noticed an ice statue
  7809 | D:9      | Killed a two-headed ogre
  7809 | D:9      | Reached ***** piety under Okawaru
  7810 | D:9      | Reached skill level 12 in Axes
  7978 | D:10     | Entered Level 10 of the Dungeon
  7978 | D:10     | Noticed an elephant
  7978 | D:10     | Found a staircase to the Lair.
  8026 | D:10     | Noticed a two-headed ogre
  8037 | D:10     | Killed a two-headed ogre
  8038 | D:10     | Reached XP level 11. HP: 67/95 MP: 13/13
  8045 | D:10     | Received a gift from Okawaru
  8444 | D:10     | Found a staircase to the Orcish Mines.
  8452 | D:10     | Found a roughly hewn altar of Beogh.
  8653 | D:10     | Found a white marble altar of Elyvilon.
  9545 | D:3      | Found a faded altar of an unknown god.
  9777 | D:11     | Noticed a two-headed ogre
  9789 | D:11     | Killed a two-headed ogre
  9789 | D:11     | Received a gift from Okawaru
  9943 | D:11     | Reached skill level 13 in Axes
 10078 | D:11     | You are sucked into a shaft and drop 1 floor!
 10085 | D:12     | Reached skill level 14 in Axes
 10085 | D:12     | Reached XP level 12. HP: 106/106 MP: 14/16
 10124 | D:12     | Found a frozen archway.
 10194 | IceCv    | Entered an ice cave
 10246 | IceCv    | Received a gift from Okawaru
 10254 | IceCv    | HP: 3/106 [death yak simulacrum (32)]
 10664 | IceCv    | Reached skill level 10 in Fighting
 10835 | D:12     | Found a transporter.
 10842 | D:12     | Found a bloodstained altar of Trog.
 10843 | D:12     | Noticed a two-headed ogre
 10843 | D:12     | Noticed a two-headed ogre
 10843 | D:12     | Noticed jimonade's ghost (journeyman VSHu)
 10857 | D:12     | Found a transporter.
 10857 | D:12     | Noticed a stone giant
 10858 | D:12     | Noticed a two-headed ogre
 10860 | D:12     | Noticed a tengu warrior
 11131 | D:12     | Noticed a centaur warrior
 11138 | D:12     | Killed a centaur warrior
 11417 | D:13     | Noticed a centaur warrior
 11433 | D:13     | Killed a centaur warrior
 11434 | D:13     | Reached skill level 15 in Axes
 11439 | D:13     | Received a gift from Okawaru
 11541 | D:13     | Reached XP level 13. HP: 109/114 MP: 18/18
 11673 | D:13     | Received a gift from Okawaru
 12086 | D:13     | Received a gift from Okawaru
 12329 | Orc:1    | Entered Level 1 of the Orcish Mines
 12386 | Orc:1    | Reached skill level 10 in Armour
 12475 | Orc:1    | Noticed Snorg
 12514 | Orc:1    | Killed Snorg
 12515 | Orc:1    | Reached skill level 10 in Shields
 12730 | Orc:2    | Entered Level 2 of the Orcish Mines
 12759 | Orc:2    | Found a dark tunnel.
 12774 | Volcano  | Entered a volcano
 13309 | Orc:2    | Identified the +5 plate armour of the Barracuda {*Corrode
                  | rPois Dex+2} (Okawaru gifted it to you on level 2 of the
                  | Orcish Mines)
 13309 | Orc:2    | Received a gift from Okawaru
 13358 | Orc:2    | Reached skill level 16 in Axes
 13795 | Orc:2    | Found a staircase to the Elven Halls.
 13939 | Orc:2    | Found Quedes's Distillery.
 13954 | Orc:2    | Found Mieshant's Distillery.
 14029 | Orc:2    | Reached ****** piety under Okawaru
 14691 | Orc:2    | Reached XP level 14. HP: 113/122 MP: 20/20
 14740 | Orc:2    | Paralysed by an orc sorcerer for 3 turns
 14794 | Orc:2    | Found Teloh's Antique Armour Boutique.
 14794 | Orc:2    | Found Hiurph's Jewellery Shop.
 14794 | Orc:2    | Found a one-way gate leading to the halls of Pandemonium.
 14798 | Orc:2    | Paralysed by an orc sorcerer for 3 turns
 14853 | Orc:2    | Bought an ancient scale mail for 261 gold pieces
 14853 | Orc:2    | Identified the +1 scale mail of Lugonu's Outrage {rElec}
                  | (You bought it in a shop on level 2 of the Orcish Mines)
 14853 | Orc:2    | Bought a pair of embroidered boots for 217 gold pieces
 14903 | Orc:2    | Bought a potion of resistance for 120 gold pieces
 15067 | Lair:1   | Entered Level 1 of the Lair of Beasts
 15120 | Lair:1   | Reached skill level 17 in Axes
 15607 | Lair:1   | Identified the quicksilver dragon scales "Merch" {Will+
                  | Int+2} (Okawaru gifted it to you on level 1 of the Lair of
                  | Beasts)
 15607 | Lair:1   | Received a gift from Okawaru
 16054 | Lair:2   | You are sucked into a shaft and drop 1 floor!
 16575 | Lair:2   | Reached skill level 10 in Invocations
 16905 | Lair:2   | Identified the +1 pair of gloves "Kituytoge" {rF+ Str+2}
                  | (Okawaru gifted it to you on level 2 of the Lair of Beasts)
 16905 | Lair:2   | Received a gift from Okawaru
 16906 | Lair:2   | Reached skill level 18 in Axes
 17273 | Lair:2   | Identified the +7 tower shield "Folav" {rPois Str+2 Int+4}
 17569 | Lair:3   | Found a hole to the Spider Nest.
 18148 | Lair:3   | Found a staircase to the Swamp.
 18485 | Lair:4   | Reached XP level 15. HP: 134/134 MP: 22/22
 19008 | Lair:5   | Entered Level 5 of the Lair of Beasts
 19008 | Lair:5   | Found a staircase to the Slime Pits.
 19008 | Lair:5   | Found a viscous altar of Jiyva.
 19288 | Lair:5   | Received a gift from Okawaru
 19294 | Lair:5   | Reached skill level 19 in Axes
 19410 | Lair:5   | Received a gift from Okawaru
 20387 | D:14     | Reached skill level 10 in Throwing
 20821 | D:14     | Found a gate to the Vaults.
 20840 | D:14     | Received a gift from Okawaru
 20849 | D:14     | Reached XP level 16. HP: 144/144 MP: 24/24
 21009 | D:14     | Identified the +6 chain mail of the Snail {rF+ rC- rN+
                  | Int+2} (Okawaru gifted it to you on level 14 of the
                  | Dungeon)
 21009 | D:14     | Received a gift from Okawaru
 21254 | D:15     | Entered Level 15 of the Dungeon
 21361 | D:15     | Reached skill level 20 in Axes
 21522 | D:15     | Found a stormy altar of Qazlal.
 21564 | D:15     | Found an iron altar of Okawaru.
 22010 | D:15     | Found a staircase to the Depths.
 22333 | Elf:1    | Entered Level 1 of the Elven Halls
 22751 | Elf:1    | Received a gift from Okawaru
 22766 | Elf:1    | Paralysed by an air elemental for 1 turns
 22926 | Elf:1    | Found a runed translucent door.
 22930 | Elf:1    | Noticed pigah's ghost (adept OpWn)
 22990 | Elf:1    | You are sucked into a shaft and drop 1 floor!
 22993 | Elf:2    | Noticed a deep elf blademaster
 23005 | Arena    | Entered the Arena
 23032 | Elf:2    | HP: 7/146 [+3 eveningstar of distortion (4)]
 23047 | Elf:2    | Slain by a +0 halberd of flaming

Illustrated notes

Levels and vault maps discovered:
D:1:      dpeg_arrival_refuge, layout_basic, hangedman_decor_push,
          minmay_box_of_dots
D:2:      layout_basic, minivault_14, dk_noncrumbling_3, uniq_terence
D:3:      layout_loops_ring, hellmonk_ecumenical_altar_prayer_group
D:4:      layout_loops_corners, nicolae_vehumet_radiance, tso_oasis_becter,
          nicolae_overflow_squiral
D:5:      layout_basic, bloody_makhleb
D:6:      layout_rooms, amcnicky_altar_gilded,
          riverfiend_overflow_shadow_ancestor, temple_doors_e,
          minmay_a_box_with_orc_wizards_in_it
D:7:      layout_cave_pods, nicolae_overflow_hidden_temple, serial_shops, shop,
          uniq_crazy_yiuf_cottage
D:8:      layout_cave_pools, uniq_psyche
D:9:      layout_roguey, minmay_statue_bubble
D:10:     layout_cave_pools, nicolae_elyvilon_peaceful_grove,
          david_lair_generic, minmay_orc_entry_temple_small
D:11:     layout_long_grid
D:12:     layout_roguey, gammafunk_ghost_wrathful_warriors,
          portal_ice_cave_entry_imps
D:13:     layout_roguey, drop_trap
D:14:     layout_loops_ring, erik_vaults_2, kennysheep_cluttered_room,
          minivault_4, bh_circular_ruins
D:15:     gammafunk_enter_depths_forms, layout_loops_ring,
          okawaru_ov_weapons_minmay, grunt_qazlal_clouds
Lair:1:   layout_cave_pods
Lair:2:   layout_layer_cave, worms_lemuel
Lair:3:   layout_loops_ring, nicolae_swamp_entry_splash_gauntlet,
          spider_nest_entry_webs, minivault_23, minivault_27,
          serial_bayou_shore_a
Lair:4:   layout_roguey, grunt_megastairs_3
Lair:5:   minmay_lair_end_enchanted_forest, layout_hall_layers, slime_entry_1,
          dreamdust_mushroom_princess, grunt_megastairs_4, lemuel_fruit_fields
Orc:1:    layout_caves, nicolae_orc_flooded_monolith, uniq_snorg
Orc:2:    pf_orc_diabolical, layout_caves, nicolae_volcano_entry_batcave,
          nicolae_orc_tapped_out
Elf:1:    minmay_elf_arrival_summoners, layout_loops_corners,
          hellmonk_ghost_happy_afterlife, minmay_elf_sorcery, uniq_frances
Elf:2:    nicolae_elf_blades_splatter_lattice [infiniplex_blade_entry_pillars],
          layout_geoelf_grid, serial_sigils, serial_sigils_hangedman_carve,
          serial_sigils_hangedman_writhe, serial_sigils_hangedman_confine,
          serial_sigils_hangedman_quiver, drop_trap, uniq_azrael

Skill      XL: |  1  2  3  4  5  6  7  8  9 10 11 12 13 14 15 16 |
---------------+-------------------------------------------------+-----
Axes           | 3 4 5 6 7 8 10 12 14 15 16 18 19 20 | 20.9
Fighting       | 4 5 6 7 8 9 10 11 12 13 14 | 14.2
Armour         | 4 5 6 7 9 10 11 12 13 | 13.1
Throwing       | 1 2 3 4 5 6 7 8 9 10 | 10.0
Shields        | 4 5 6 7 9 10 11 12 13 | 13.2
Invocations    | 2 3 6 7 9 10 11 12 | 12.8
Evocations     | 1 3 |  3.0

Action                     |  1- 3 |  4- 6 |  7- 9 | 10-12 | 13-15 | 16-18 || total
---------------------------+-------+-------+-------+-------+-------+-------++-------
  Melee: War axe           |    67 |       |    98 |   242 |       |       ||   407
         Morningstar       |       |   147 |    62 |    18 |    20 |       ||   247
         Unarmed           |       |       |     6 |       |       |       ||     6
         Broad axe         |       |       |       |    47 |  1147 |   345 ||  1539
  Throw: Dart              |       |     5 |     4 |    14 |     9 |       ||    32
         Boomerang         |       |       |       |    78 |    52 |     4 ||   134
 Invoke: Heroism           |       |       |       |       |       |     1 ||     1
         Duel              |       |       |       |       |       |     1 ||     1
  Evoke: Wand              |       |       |       |    14 |    10 |       ||    24
         Phial of floods   |       |       |       |       |     1 |       ||     1
    Use: Potion            |     1 |       |       |     5 |     1 |     9 ||    16
         Scroll            |       |    11 |     8 |     7 |     8 |     6 ||    40
   Stab: Paralysed         |       |       |       |       |     2 |       ||     2
 Armour: Scale mail        |    24 |       |       |       |       |    41 ||    65
         Chain mail        |       |    97 |   113 |   207 |   396 |    59 ||   872
         Skin              |       |       |     3 |       |       |       ||     3
         Acid dragon scale |       |       |       |    25 |       |       ||    25
         Plate armour      |       |       |       |       |   143 |       ||   143
  Dodge: Dodged            |    30 |    50 |    53 |   123 |   246 |    37 ||   539
  Block: Buckler           |    14 |    45 |    42 |   109 |   187 |       ||   397
         Tower shield      |       |       |       |       |   564 |   312 ||   876

Table legend: (Time is in decaauts)
 A = Elapsed time spent in this place.
 B = Non-inter-level travel time spent in this place.
 C = Inter-level travel time spent in this place.
 D = Time resting spent in this place.
 E = Time spent auto-exploring this place.
 F = Levels seen in this place.
 G = Mean time per level.
                   A        B        C        D        E       F      G
               +--------+--------+--------+--------+--------+-----+--------+
         Total |  23051 |  21172 |   1879 |   1627 |  13997 |  27 |  853.7 |
       Dungeon |  13958 |  12541 |   1417 |    771 |   9045 |  15 |  930.5 |
          Lair |   5208 |   4906 |    302 |    179 |   3481 |   5 | 1041.6 |
  Orcish Mines |   2307 |   2149 |    158 |    225 |   1014 |   2 | 1153.5 |
   Elven Halls |    636 |    636 |      0 |    154 |    206 |   2 |  318.0 |
      Ice Cave |    568 |    568 |      0 |    286 |     21 |   1 |  568.0 |
       Volcano |    352 |    352 |      0 |      0 |    229 |   1 |  352.0 |
         Arena |     19 |     19 |      0 |     12 |      0 |   1 |   19.0 |
               +--------+--------+--------+--------+--------+-----+--------+

Top non-repeatable levels by time:
   Orc:2: 1798 daAuts
     D:3: 1444 daAuts
     D:7: 1396 daAuts
  Lair:2: 1284 daAuts
     D:5: 1211 daAuts
  Lair:5: 1061 daAuts
  Lair:3: 1034 daAuts
    D:13: 999 daAuts
     D:6: 996 daAuts
  Lair:1: 993 daAuts
     D:9: 957 daAuts
     D:4: 938 daAuts
    D:15: 905 daAuts
    D:14: 901 daAuts
     D:2: 893 daAuts
